 Dungeon Sprint DCSS version 0.21-a0-207-g4a9efaf (webtiles) character file.

21784 Kidiri the Sorcerer (level 12, -25/75 HPs)
             Began as a Deep Elf Fire Elementalist on Aug 20, 2017.
             Was the Champion of Vehumet.
             Killed from afar by a deep elf mage (27 damage)
             ... with a bolt of cold
             ... in the Dungeon (Sprint VII: "The Pits").
             The game lasted 00:22:59 (4249 turns).

Kidiri the Sorcerer (Deep Elf Fire Elementalist)    Turns: 4249, Time: 00:23:01

Health: -25/75     AC:  7    Str:  5    XL:     12   Next: 57%
Magic:  17/39      EV: 22    Int: 36    God:    Vehumet [******]
Gold:   47         SH:  4    Dex: 15    Spells: 3/53 levels left

rFire    . . .     SeeInvis .   y - +2 halberd "Xykhlal" {flame, rElec MR- Int+2 Stlth+}
rCold    . . .     Gourm    .   (shield currently unavailable)
rNeg     . . .     Faith    .   a - +0 robe
rPois    +         Spirit   .   i - +1 hat {Int+3}
rElec    +         Reflect  .   q - +1 cloak {rPois}
rCorr    .         Harm     .   x - +0 pair of gloves
MR       .....     NoTele   +   (no boots)
Stlth    +++.......             (no amulet)
HPRegen  0.22/turn              r - +3 ring of intelligence
MPRegen  0.26/turn              s - +3 ring of evasion

@: no status effects
A: large bone plates 1, clever 1, sturdy frame 1
a: Renounce Religion


You were in the Dungeon.
You worshipped Vehumet.
Vehumet was exalted by your worship.
You were not hungry.

You visited 1 branch You collected 47 gold pieces.

Inventory:

Hand Weapons
 j - a +2 rapier of draining
 y - the +2 halberd "Xykhlal" (weapon) {flame, rElec MR- Int+2 Stlth+}
   (You found it in the Dungeon)

   It has been specially enchanted to burn those struck by it, causing extra
   injury to most foes and up to half again as much damage against particularly
   susceptible opponents.
   Big, fiery blades are also staple armaments of hydra-hunters.
   It affects your intelligence (+2).
   It insulates you from electricity.
   It affects your resistance to hostile enchantments.
   It makes you more stealthy.
Armour
 a - a +0 robe (worn)
 i - a +1 hat of intelligence (worn)
 q - a +1 cloak of poison resistance (worn)
 w - a +0 helmet
 x - a +0 pair of gloves (worn)
 F - a +1 large shield of fire resistance
Jewellery
 r - a +3 ring of intelligence (left hand)
 s - a +3 ring of evasion (right hand)
 E - an uncursed ring of fire
 H - an uncursed ring of fire
 I - an uncursed ring of ice
Wands
 A - a wand of disintegration (5/24)
Scrolls
 l - 5 scrolls of remove curse
 m - 4 scrolls of amnesia
 n - a scroll of summoning
 v - 2 scrolls of fear
 z - 2 scrolls of enchant weapon
 C - 3 scrolls of fog
 G - a scroll of magic mapping
Potions
 d - 6 potions of curing
 e - 10 potions of heal wounds
 f - 4 potions of haste
 g - 2 potions of magic
 h - 4 potions of berserk rage
 k - a potion of invisibility
 t - 3 potions of agility
 u - a potion of brilliance
 B - 2 potions of might
 D - a potion of mutation
Books
 b - a book of Flames

   Spells                             Type                      Level
   a - Flame Tongue                   Conjuration/Fire             1
   b - Throw Flame                    Conjuration/Fire             2
   c - Conjure Flame                  Conjuration/Fire             3
   d - Inner Flame                    Hexes/Fire                   3
   e - Sticky Flame                   Conjuration/Fire             4
   f - Fireball                       Conjuration/Fire             5
Comestibles
 c - 9 bread rations
 o - 29 fruits
 p - 7 meat rations


   Skills:
 + Level 8.6 Fighting
 - Level 8.4 Short Blades
 + Level 8.7 Armour
 - Level 10.3 Dodging
 - Level 2.4 Stealth
 + Level 4.8 Shields
 * Level 21.3 Spellcasting
 + Level 13.6 Conjurations
 + Level 13.8 Fire Magic
 + Level 11.1 Earth Magic


You had 3 spell levels left.
You knew the following spells:

 Your Spells              Type           Power        Failure   Level  Hunger
a - Flame Tongue          Conj/Fire      #####        0%          1    None
b - Throw Flame           Conj/Fire      ######       0%          2    None
c - Conjure Flame         Conj/Fire      #######.     0%          3    None
d - Inner Flame           Hex/Fire       ######..     1%          3    None
e - Sticky Flame          Conj/Fire      #######.     1%          4    None
f - Fireball              Conj/Fire      #######...   1%          5    None
g - Bolt of Fire          Conj/Fire      #######...   1%          6    None
h - Lee's Rapid Deconstr  Erth           #######...   1%          5    None
i - Iron Shot             Conj/Erth      #######...   1%          6    None
j - Orb of Destruction    Conj           #######...   1%          7    None
k - Ignition              Fire           #######...   4%          8    ###....


Dungeon Overview and Level Annotations

Branches:
Dungeon (1/1)

Altars:
Ashenzari
Cheibriados
Dithmenos
Elyvilon
Fedhas
Gozag
Hepliaklqana
Kikubaaqudgha
Makhleb
Nemelex Xobeh
Okawaru
Qazlal
Ru
Sif Muna
Trog
Uskayaw
Vehumet
Wu Jian
Xom
Yredelemnul
Zin
The Shining One
Beogh
Jiyva
Lugonu

Annotations:
D exclusions: 13 doors and 11 more exclusions, Joseph


Innate Abilities, Weirdness & Mutations

You are partially covered in large bone plates. (SH +4)
Your mind is acute. (Int +2)
Your movements are slightly less encumbered by armour. (ER -2)


Message History

There is a scimitar of holy wrath.
Unknown command.
Casting: Bolt of Fire
Confirm with . or Enter, or press ? or * to list all spells.
Aiming: Iron Shot
Press: ? - help, Shift-Dir - straight line, f - fire giant
Aim: a fire giant, wielding a great sword of flaming (flame, heavily wounded)
The iron shot hits the fire giant.
The fire giant is almost dead.
Joseph shouts!
The scimitar of holy wrath moves out of view.
Joseph shouts, "Wow!"
The merfolk impaler hits you from afar with a vampiric trident!!
The fire giant is engulfed in blazing flames.
The fire giant gestures at you while chanting.
The bolt of fire hits you!
* * * LOW HITPOINT WARNING * * *
The deep elf mage points at you and mumbles some strange words.
The bolt of cold hits you!
You die...

#####++## #........ #........
+..#....# +........ #........
#######################..#....#
#...............ยง....''........
#............e@......''........
#..###########C####..##..#....#
#..#


m#x #..##........ #..# (# #. #..##........ #..# @# #)#..####++#### #..# t# ##..#
# #..# .# #..# # #..################..# # ###....................# # You could
see a fire giant, a merfolk impaler, Joseph, a fire crab (wandering), a deep elf
mage, a small abomination and a scimitar of holy wrath.

Vanquished Creatures
  Gastronok (D)
  A balrug (D)
  A ghost moth (D)
  An ettin (D)
  A merfolk aquamancer (D)
  A catoblepas (D)
  A two-headed ogre (D)
  An orc high priest (D)
  A vampire mage (D)
  A spriggan druid (D)
  2 unseen horrors (D)
  A shadow wraith (D)
  4 flayed ghosts (D)
  An orc knight (D)
  2 deep elf magi (D)
  Maurice (D)
  6 elephants (D)
  A rust devil (D)
  A black mamba (D)
  A gargoyle (D)
  2 spiny frogs (D)
  A yaktaur (D)
  A demonic crawler (D)
  A troll (D)
  A merfolk (D)
  A jumping spider (D)
  A polar bear (D)
  Grinder (D)
  A wyvern (D)
  A redback (D)
  A spriggan (D)
  2 water elementals (D)
  5 yaks (D)
  A steam dragon (D)
  An ice beast (D)
  An orc warrior (D)
  A swamp drake (D)
  An ogre (D)
  2 eyes of draining (D)
  5 wolves (D)
  A crocodile (D)
  5 centaurs (D)
  A bullfrog (D)
  A big kobold (D)
  2 jellies (D)
  Crazy Yiuf (D)
  A gnoll shaman (D)
  Jessica (D)
  3 iguanas (D)
  5 gnolls (D)
  An adder (D)
  2 river rats (D)
  A white imp (D)
  3 ufetubi (D)
  An adder skeleton (D)
  A worm (D)
  5 orcs (D)
  3 ball pythons (D)
  A bat (D)
  A giant cockroach (D)
  A hobgoblin (D)
  3 jackals (D)
  A bat simulacrum (D)
  A giant cockroach simulacrum (D)
  2 kobolds (D)
  A rat (D)
110 creatures vanquished.

Notes
Turn   | Place    | Note
-------+----------+-------------------------------------------
     0 | D        | Kidiri the Deep Elf Fire Elementalist began the quest for the Orb.
     0 | D        | Reached XP level 1. HP: 10/10 MP: 6/6
    13 | D        | Reached skill level 4 in Spellcasting
    48 | D        | Found a bloodstained altar of Trog.
    48 | D        | Found a deep blue altar of Sif Muna.
    48 | D        | Found a viscous altar of Jiyva.
    48 | D        | Found a hazy altar of Hepliaklqana.
    48 | D        | Found an opulent altar of Gozag.
    49 | D        | Found a glowing golden altar of the Shining One.
    49 | D        | Found a glowing silver altar of Zin.
    49 | D        | Found a basalt altar of Yredelemnul.
    49 | D        | Found a shimmering altar of Xom.
    49 | D        | Found an ornate altar of the Wu Jian Council.
    49 | D        | Found a sacrificial altar of Ru.
    49 | D        | Found a stormy altar of Qazlal.
    49 | D        | Found an iron altar of Okawaru.
    49 | D        | Found a sparkling altar of Nemelex Xobeh.
    49 | D        | Found a burning altar of Makhleb.
    49 | D        | Found a blossoming altar of Fedhas.
    49 | D        | Found a white marble altar of Elyvilon.
    49 | D        | Found a shadowy altar of Dithmenos.
    49 | D        | Found a snail-covered altar of Cheibriados.
    51 | D        | Found a radiant altar of Vehumet.
    51 | D        | Found a corrupted altar of Lugonu.
    51 | D        | Found a roughly hewn altar of Beogh.
    52 | D        | Found a hide-covered altar of Uskayaw.
    52 | D        | Found an ancient bone altar of Kikubaaqudgha.
    52 | D        | Found a shattered altar of Ashenzari.
    59 | D        | Became a worshipper of Vehumet
    79 | D        | Reached skill level 5 in Spellcasting
    79 | D        | Reached XP level 2. HP: 15/15 MP: 5/10
    85 | D        | Learned a level 2 spell: Throw Flame
   136 | D        | Reached * piety under Vehumet
   136 | D        | Offered knowledge of Sting by Vehumet.
   163 | D        | Reached ** piety under Vehumet
   163 | D        | Reached skill level 6 in Spellcasting
   163 | D        | Reached XP level 3. HP: 19/19 MP: 6/12
   168 | D        | Learned a level 3 spell: Conjure Flame
   172 | D        | Learned a level 3 spell: Inner Flame
   180 | D        | Reached skill level 7 in Spellcasting
   180 | D        | Reached skill level 5 in Fire Magic
   260 | D        | Noticed an ogre
   269 | D        | Offered knowledge of Shock by Vehumet.
   269 | D        | Reached skill level 8 in Spellcasting
   269 | D        | Reached XP level 4. HP: 24/24 MP: 5/16
   269 | D        | Killed an ogre
   269 | D        | Reached *** piety under Vehumet
   269 | D        | Reached skill level 10 in Spellcasting
   269 | D        | Reached skill level 5 in Conjurations
   269 | D        | Reached XP level 5. HP: 28/28 MP: 7/19
   274 | D        | Reached **** piety under Vehumet
   275 | D        | Reached skill level 11 in Spellcasting
   286 | D        | Learned a level 4 spell: Sticky Flame
   292 | D        | Learned a level 5 spell: Fireball
   375 | D        | Noticed a centaur
   380 | D        | Killed a centaur
   380 | D        | Reached skill level 12 in Spellcasting
   380 | D        | Reached XP level 6. HP: 23/32 MP: 19/23
   468 | D        | Noticed Grinder
   468 | D        | Noticed an ice beast
   474 | D        | Killed an ice beast
   474 | D        | Offered knowledge of Stone Arrow by Vehumet.
   474 | D        | Reached ***** piety under Vehumet
   474 | D        | Reached skill level 13 in Spellcasting
   480 | D        | Learned a level 3 spell: Stone Arrow
   483 | D        | Killed Grinder
   483 | D        | Offered knowledge of Dazzling Spray by Vehumet.
   483 | D        | Reached skill level 14 in Spellcasting
   483 | D        | Reached XP level 7. HP: 20/36 MP: 16/26
   660 | D        | Noticed Crazy Yiuf
   663 | D        | Offered knowledge of Static Discharge by Vehumet.
   672 | D        | Reached skill level 1 in Short Blades
   672 | D        | Reached skill level 1 in Earth Magic
   674 | D        | Killed Crazy Yiuf
   674 | D        | Reached skill level 1 in Fighting
   674 | D        | Reached skill level 1 in Armour
   735 | D        | Got the +2 halberd "Xykhlal" {flame, rElec MR- Int+2 Stlth+}
   804 | D        | Noticed a flayed ghost
   815 | D        | Killed a flayed ghost
   815 | D        | Reached ****** piety under Vehumet
   815 | D        | Reached skill level 15 in Spellcasting
   815 | D        | Reached XP level 8. HP: 25/44 MP: 11/29
   957 | D        | Noticed Maurice
   958 | D        | Noticed a deep elf mage
   967 | D        | Killed Maurice
   967 | D        | Offered knowledge of Bolt of Draining by Vehumet.
   967 | D        | Reached skill level 5 in Dodging
   967 | D        | Reached skill level 10 in Fire Magic
   968 | D        | Killed a deep elf mage
   968 | D        | Reached XP level 9. HP: 37/51 MP: 18/30
  1065 | D        | Reached skill level 16 in Spellcasting
  1065 | D        | Reached skill level 10 in Conjurations
  1271 | D        | Noticed a deep elf mage
  1271 | D        | Noticed Jessica
  1274 | D        | Killed a deep elf mage
  1274 | D        | Reached skill level 5 in Earth Magic
  1274 | D        | Killed Jessica
  1459 | D        | Noticed a spiny frog
  1464 | D        | Killed a spiny frog
  1464 | D        | Reached skill level 5 in Short Blades
  1532 | D        | Offered knowledge of Spellforged Servitor by Vehumet.
  1627 | D        | Noticed a two-headed ogre
  1642 | D        | Killed a two-headed ogre
  1642 | D        | Reached skill level 17 in Spellcasting
  1642 | D        | Reached XP level 10. HP: 36/58 MP: 23/33
  1730 | D        | Offered knowledge of Lee's Rapid Deconstruction by Vehumet.
  1737 | D        | Learned a level 5 spell: Lee's Rapid Deconstruction
  1862 | D        | Noticed a balrug
  1873 | D        | Noticed a black mamba
  1908 | D        | Noticed a spiny frog
  1910 | D        | Killed a black mamba
  1910 | D        | Reached skill level 5 in Fighting
  1910 | D        | Reached skill level 5 in Armour
  1911 | D        | Killed a spiny frog
  1912 | D        | Killed a balrug
  2311 | D        | Offered knowledge of Conjure Ball Lightning by Vehumet.
  2320 | D        | Noticed an orc high priest
  2329 | D        | Reached skill level 18 in Spellcasting
  2337 | D        | Noticed Gastronok
  2614 | D        | Noticed an orange demon
  2617 | D        | Killed an orc high priest
  2751 | D        | Offered knowledge of Iron Shot by Vehumet.
  2752 | D        | Noticed a flayed ghost
  2763 | D        | HP: 1/60 [flayed ghost (26)]
  2771 | D        | Killed a flayed ghost
  2771 | D        | Reached XP level 11. HP: 54/64 MP: 8/35
  2786 | D        | Gained mutation: Your movements are slightly less encumbered by armour. (ER -2) [potion of mutation]
  2786 | D        | Gained mutation: You are agile. (Dex +2) [potion of mutation]
  2786 | D        | Gained mutation: You can translocate small distances at will. [potion of mutation]
  2810 | D        | Killed a shadow wraith
  2942 | D        | Learned a level 6 spell: Iron Shot
  3055 | D        | Killed Gastronok
  3055 | D        | Reached skill level 10 in Dodging
  3071 | D        | Noticed an unseen horror
  3073 | D        | Killed an unseen horror
  3073 | D        | Reached skill level 19 in Spellcasting
  3195 | D        | Killed an unseen horror
  3195 | D        | Offered knowledge of Orb of Destruction by Vehumet.
  3204 | D        | Learned a level 7 spell: Orb of Destruction
  3318 | D        | Lost mutation: You are agile. (Dex +2) [potion of mutation]
  3318 | D        | Lost mutation: You can translocate small distances at will. [potion of mutation]
  3318 | D        | Gained mutation: Your mind is acute. (Int +2) [potion of mutation]
  3318 | D        | Gained mutation: You are partially covered in large bone plates. (SH +4) [potion of mutation]
  3449 | D        | Reached skill level 1 in Shields
  3451 | D        | Offered knowledge of Bolt of Fire by Vehumet.
  3512 | D        | Learned a level 6 spell: Bolt of Fire
  3646 | D        | Reached skill level 20 in Spellcasting
  3773 | D        | Noticed a ghost moth
  3778 | D        | Killed a ghost moth
  3778 | D        | Offered knowledge of Glaciate by Vehumet.
  3778 | D        | Offered knowledge of Shatter by Vehumet.
  3778 | D        | Offered knowledge of Ignition by Vehumet.
  3778 | D        | Reached skill level 10 in Earth Magic
  3778 | D        | Reached XP level 12. HP: 34/73 MP: 22/38
  3788 | D        | Learned a level 8 spell: Ignition
  4000 | D        | Noticed a merfolk aquamancer
  4004 | D        | Killed a merfolk aquamancer
  4237 | D        | Noticed a naga warrior
  4240 | D        | Noticed a vampire mage
  4240 | D        | Noticed a fire giant
  4242 | D        | Noticed a catoblepas
  4242 | D        | Killed a vampire mage
  4243 | D        | Noticed an ettin
  4244 | D        | Killed an ettin
  4244 | D        | Reached skill level 21 in Spellcasting
  4245 | D        | Killed a catoblepas
  4248 | D        | Noticed a merfolk impaler
  4249 | D        | Noticed Joseph
  4249 | D        | HP: 2/75 [fire giant/bolt of fire (30)]
  4249 | D        | Killed from afar by a deep elf mage

Vault maps used:
D:        pitsprint

Skill      XL: |  1  2  3  4  5  6  7  8  9 10 11 12 |
---------------+-------------------------------------+-----
Spellcasting   | 5 6 8 10 12 14 15 17 18 20 21 | 21.3
Conjurations   | 2 3 4 5 7 8 9 10 11 12 13 | 13.6
Fire Magic     | 4 5 6 8 9 10 11 12 13 | 13.8
Short Blades   | 2 4 5 7 8 |  8.4
Dodging        | 4 5 7 9 10 | 10.3
Earth Magic    | 3 4 6 8 10 11 | 11.1
Fighting       | 2 3 4 6 7 8 |  8.6
Armour         | 2 3 4 6 7 8 |  8.7
Shields        | 3 4 |  4.8
Stealth        | |  2.4

Action                   |  1- 3 |  4- 6 |  7- 9 | 10-12 || total
-------------------------+-------+-------+-------+-------++-------
Melee: Dagger            |       |     4 |     1 |       ||     5
       Halberd           |       |       |     5 |    36 ||    41
 Cast: Flame Tongue      |    16 |    10 |    11 |    21 ||    58
       Inner Flame       |     2 |     2 |     1 |     2 ||     7
       Throw Flame       |     2 |       |       |     3 ||     5
       Conjure Flame     |     1 |     1 |     1 |     5 ||     8
       Sticky Flame      |       |     2 |    13 |    20 ||    35
       Stone Arrow       |       |       |    10 |    13 ||    23
       Fireball          |       |       |     2 |     7 ||     9
       Lee's Rapid Decon |       |       |       |     6 ||     6
       Iron Shot         |       |       |       |    13 ||    13
       Bolt of Fire      |       |       |       |    19 ||    19
       Orb of Destructio |       |       |       |     1 ||     1
Evoke: Wand              |       |       |       |     2 ||     2
  Use: Potion            |       |       |     3 |     7 ||    10
       Scroll            |       |       |     1 |     1 ||     2
 Stab: Sleeping          |       |     1 |     5 |     1 ||     7
  Eat: Chunk             |       |       |     2 |     2 ||     4
       Fruit             |       |       |       |    11 ||    11
Armor: Robe              |       |     2 |     1 |    15 ||    18
Dodge: Dodged            |     3 |     4 |    13 |   106 ||   126
Block: Other             |       |       |       |    11 ||    11
